 Dungeon Crawl Stone Soup version 0.31-a0-925-g0a390f2509 (webtiles) character file.

Game seed: 16086166809302353640

524702 freelancePsychic the Slayer (level 24, -20/210 HPs)
             Began as a Demonspawn Gladiator on Oct 18, 2023.
             Was the Champion of Okawaru.
             Killed from afar by a black draconian (50 damage)
             ... with a bolt of lightning
             ... on level 3 of the Realm of Zot.
             The game lasted 01:59:30 (58466 turns).

freelancePsychic the Slayer (Demonspawn Gladiator) Turns: 58466, Time: 01:59:30

Health: -20/210    AC: 36    Str: 27    XL:     24   Next: 22%
Magic:  36/36      EV: 20    Int:  7    God:    Okawaru [******]
Gold:   2718       SH:  4    Dex: 23    Spells: 23/23 levels left

rFire   + + .        a - +9 quick blade (spect)
rCold   + + +        (no shield)
rNeg    . . .        G - +6 gold dragon scales
rPois   +            S - +2 helmet {SInv}
rElec   .            j - scarf {rC+ rF+}
rCorr   .            (gloves unavailable)
SInv    +            W - +2 pair of boots
Will    ++...        D - amulet of regeneration Stlth
                     B - ring "Yshe" {Str+5 Int-5 Dex+6}
HPRegen 1.35/turn    u - ring of protection from cold
MPRegen 0.25/turn

%: repel missiles, clarity
@: mighty, corroded, studying 2 skills
A: repulsion field 3, icemail 1, powered by pain 3, torment resistance 1,
condensation shield, demonic willpower, demonic touch 3, clarity, poison
resistance, MP-powered wands
}: 3/15 runes: barnacled, slimy, gossamer
a: Renounce Religion, Heroism, Finesse, Duel


You were on level 3 of the Realm of Zot.
You worshipped Okawaru.
Okawaru was exalted by your worship.
You visited 10 branches of the dungeon, and saw 49 of its levels.
You also visited: Bailey, Gauntlet, Ice Cave and Volcano.

You collected 6640 gold pieces.
You spent 3922 gold pieces at shops.

Inventory:

Hand Weapons
 a - a +9 spectral quick blade (weapon)
Missiles
 e - 61 silver javelins
 l - 6 throwing nets
 q - 17 javelins
 C - 30 boomerangs (quivered)
 E - 2 curare-tipped darts
Armour
 j - a scarf of resistance (worn)
 n - the +10 plate armour of Ummepn {rElec Int+3 Dex-5}
   (You bought it in a shop on level 2 of the Dungeon)

   Int+3:     It affects your intelligence (+3).
   Dex-5:     It affects your dexterity (-5).
   rElec:     It insulates you from electricity.
 G - +6 gold dragon scales (worn)
 S - a +2 helmet of see invisible (worn)
 W - a +2 pair of boots (worn)
Jewellery
 h - a +6 ring of dexterity
 p - the amulet "Gittiz" {RegenMP rF+++ Int-2 Dex+5}
   (You took it off a deep elf sorcerer on level 3 of the Elven Halls)

   [amulet of magic regeneration]

   RegenMP:   It increases your rate of magic regeneration.
   Int-2:     It affects your intelligence (-2).
   Dex+5:     It affects your dexterity (+5).
   rF+++:     It renders you almost immune to fire.
 u - a ring of protection from cold (right hand)
 B - the ring "Yshe" (left hand) {Str+5 Int-5 Dex+6}
   (You found it on level 2 of the Depths)

   [ring of dexterity]

   Str+5:     It affects your strength (+5).
   Int-5:     It affects your intelligence (-5).
   Dex+6:     It affects your dexterity (+6).
 D - an amulet of regeneration (around neck)
 I - the ring "Vennicw" {Wiz Str+8 SInv}
   (You found it in a bailey)

   [ring of wizardry]

   Wiz:       It improves your spell success rate.
   Str+8:     It affects your strength (+8).
   SInv:      It lets you see invisible.
 L - a ring of protection from fire
Wands
 c - a wand of digging (3)
 t - a wand of light (44)
 v - a wand of polymorph (18)
 H - a wand of roots (22)
 P - a wand of flame (146)
 Q - a wand of mindburst (11)
Scrolls
 b - 4 scrolls of poison
 g - 2 scrolls of enchant weapon
 k - 6 scrolls of revelation
 m - 36 scrolls of identify {@r1}
 x - 3 scrolls of fear
 y - 3 scrolls of brand weapon
 F - 8 scrolls of noise
 K - 3 scrolls of amnesia
 X - 7 scrolls of vulnerability
 Y - 3 scrolls of fog
Potions
 d - 3 potions of invisibility
 o - 9 potions of heal wounds {@q2}
 r - 5 potions of enlightenment
 s - 7 potions of might
 w - 8 potions of mutation
 z - 9 potions of haste {@q3}
 A - 4 potions of brilliance
 J - 5 potions of magic
 M - 4 potions of attraction
 N - 10 potions of lignification
 T - 21 potions of curing {@q1}
 U - 9 potions of ambrosia
 Z - 7 potions of resistance
Miscellaneous
 O - a phial of floods
 R - a condenser vane
 V - a lightning rod (4/4)


   Skills:
 - Level 22.0 Fighting
 - Level 13.8(14.0) Short Blades
 - Level 3.1(9.5) Long Blades
 - Level 1.1 Axes
 - Level 20.0 Throwing
 + Level 19.1 Armour
 - Level 15.5 Dodging
 - Level 7.0 Stealth
 + Level 18.6 Invocations
 - Level 10.0 Evocations


You had 23 spell levels left.
You didn't know any spells.
Your spell library contained the following spells:

 Spells                   Type           Power      Damage    Failure   Level
 Freeze                   Ice            0%         1d3       99%         1
 Necrotise                Necr           0%         1d4       99%         1
 Shock                    Conj/Air       0%         1d3       99%         1
 Sting                    Tmut/Pois      0%         1d3       99%         1
 Blink                    Tloc           0%         N/A       100%        2
 Cigotuvi's Dreadful Rot  Necr/Pois/Air  0%         N/A       100%        2
 Ensorcelled Hibernation  Hex/Ice        0%         N/A       100%        2
 Jinxbite                 Hex            0%         N/A       100%        2
 Momentum Strike          Conj/Tloc      0%         3d8       100%        2
 Passwall                 Tmut/Erth      0%         N/A       100%        2
 Poisonous Vapours        Pois/Air       0%         N/A       100%        2
 Sublimation of Blood     Necr           0%         N/A       100%        2
 Wereblood                Tmut           0%         N/A       100%        2
 Frozen Ramparts          Ice            0%         1d1       100%        3
 Gell's Gravitas          Tloc           0%         N/A       100%        3
 Ignite Poison            Fire/Tmut/Pois 0%         N/A       100%        3
 Inner Flame              Hex/Fire       0%         N/A       100%        3
 Ozocubu's Armour         Ice            0%         N/A       100%        3
 Stone Arrow              Conj/Erth      0%         3d7       100%        3
 Swiftness                Air            0%         N/A       100%        3
 Vampiric Draining        Necr           0%         2d6       100%        3
 Volatile Blastmotes      Fire/Tloc      0%         2d10      100%        3
 Airstrike                Air            0%         2d(0-16)  100%        4
 Anguish                  Hex/Necr       0%         N/A       100%        4
 Brom's Barrelling Bould  Conj/Erth      0%         2d3       100%        4
 Cause Fear               Hex            0%         N/A       100%        4
 Flame Wave               Conj/Fire      0%         2d4       100%        4
 Manifold Assault         Tloc           0%         N/A       100%        4
 Olgreb's Toxic Radiance  Pois           0%         N/A       100%        4
 Passage of Golubria      Tloc           0%         N/A       100%        4
 Sticky Flame             Conj/Fire      0%         2d3       100%        4
 Agony                    Necr           0%         N/A       100%        5
 Alistair's Intoxication  Tmut/Pois      0%         N/A       100%        5
 Arcjolt                  Conj/Air       0%         1d10      100%        5
 Fireball                 Conj/Fire      0%         3d3       100%        5
 Freezing Cloud           Conj/Ice/Air   0%         6-21      100%        5
 Irradiate                Conj/Tmut      0%         3d11      100%        5
 Metabolic Englaciation   Hex/Ice        0%         N/A       100%        5
 Silence                  Hex/Air        0%         N/A       100%        5
 Yara's Violent Unravell  Hex/Tmut       0%         3d3       100%        5
 Conjure Ball Lightning   Conj/Air       0%         3x3d6     100%        6
 Enfeeble                 Hex            0%         N/A       100%        7
 Ozocubu's Refrigeration  Ice            0%         4d7       100%        7
 Discord                  Hex            0%         N/A       100%        8
 Ignition                 Fire           0%         3d3       100%        8
 Lehudib's Crystal Spear  Conj/Erth      0%         10d2      100%        8
 Fire Storm               Conj/Fire      0%         5d1       100%        9
 Tukima's Dance           Hex            Unusable   N/A       N/A         3
 Animate Armour           Summ/Erth      Unusable   N/A       N/A         4
 Summon Lightning Spire   Summ/Air       Unusable   N/A       N/A         4
 Malign Gateway           Summ/Tloc      Unusable   N/A       N/A         7
 Summon Hydra             Summ           Unusable   N/A       N/A         7
 Dragon's Call            Summ           Unusable   N/A       N/A         9

Dungeon Overview and Level Annotations

Branches:
Dungeon (15/15)            Temple (0/1) D:7            Lair (5/5) D:8
 Shoals (4/4) Lair:3       Spider (4/4) Lair:3        Slime (5/5) Lair:5
    Orc (2/2) D:12            Elf (3/3) Orc:2        Vaults (4/5) D:13
  Crypt (0/3) Vaults:2     Depths (4/4) D:15            Zot (3/5) Depths:4
 Bailey (visited)           IceCv (visited)         Volcano (visited)
Gauntlet (visited)

Altars:
Cheibriados
Dithmenos
Fedhas
Hepliaklqana
Kikubaaqudgha
Makhleb
Nemelex Xobeh
Okawaru
Qazlal
Ru
Sif Muna
Trog
Uskayaw
Vehumet
Xom

Shops:
D:2 [   D:6 !   D:12 [   D:14 *   Orc:1 !   Orc:2 (!(=   Elf:2 [   Elf:3 [
Vaults:4 [   Depths:1 (   Depths:2 !   Depths:4 ::[

Portals:
Hell: Lair:5 Depths:1 Depths:2 Depths:3 Depths:4
Abyss: Depths:3 Depths:4
Pandemonium: Depths:2
Ziggurat: Depths:1
Trove: Elf:2 (give +4 storm dragon scales)

Annotations:
D:3 2 runed translucent doors
D:6 2 transporters, p00ps00p's ghost, novice HOFi
D:7 1 transporter
D:10 1 exclusion
Elf:2 3 runed translucent doors
Depths:2 3 transporters
Depths:3 3 runed translucent doors


Innate Abilities, Weirdness & Mutations

You are surrounded by a strong repulsion field. (EV +4, RMsl)
A meltable icy envelope protects you from harm. (AC +4)
You are powered by pain.
You are resistant to unholy torment.
A meltable shield of frost defends you. (SH +4)
You punish those that try to bend your will. (Will+)
Your touch may irresistibly damage your foes and sap their willpower.
You possess an exceptional clarity of mind.
Your system is resistant to poisons. (rPois)
You expend magic power (3 MP) to strengthen your wands.


Message History

* * * LOW HITPOINT WARNING * * *
You focus on the pain.
You feel your power returning.
Magic restored.
The electric golem blinks!
The moth of wrath goads the tentacled monstrosity on!
The tentacled monstrosity goes berserk!
The tentacled monstrosity tentacle-slaps you but does no damage.
You block the tentacled monstrosity's attack.
The tentacled monstrosity tentacle-slaps you but does no damage.
The tentacled monstrosity grabs you.
You stop ascending the stairs.
The tentacled monstrosity constricts you.
* * * LOW HITPOINT WARNING * * *
The yellow draconian annihilator spits acid at you.
The glob of acid hits you.
* * * LOW HITPOINT WARNING * * *
The acid corrodes you!
The ancient lich gestures wildly while chanting.
The ancient lich seems to speed up.
The white draconian completely misses you.
The moth of wrath goads the red draconian on!
The red draconian goes berserk!
The black draconian roars!
Blink to where?
Press: ? - help, Dir - move target You escape the tentacled monstrosity's grasp.
A black draconian comes into view. It is wielding a +0 flail.
Found a stone staircase leading up.
As you read the scroll of blinking, it crumbles to dust.
The black draconian roars!
Okay, then.
Okay, then.
You feel much better.
The white draconian rages.
The yellow draconian annihilator spits acid at you.
The glob of acid hits you!
The yellow draconian completely misses you.
The black draconian breathes lightning at you.
The bolt of lightning hits you!!!
* * * LOW HITPOINT WARNING * * *
The bolt of lightning hits you!!!
You die...

##+++# #§...≈### ##### #
....^..≈## ##...######.
...^^...≈####.....##qX..
^......@...9dy..y.d'..d.
.^.<...d.≈q8..d§...'....
^......§.dX.Cd..D..'L#..
...^.^.§§####...§.##.dd.
...^§§§§## ##...#######
#≈..§§## #.###.# ###≈##
##...(.####### ##
........C..dC..
########....X.d


You could see a juggernaut (berserk), an electric golem, a tentacled monstrosity
(berserk), a black draconian (catching breath), a yellow draconian, a red
draconian (berserk), 2 draconians, a yellow draconian annihilator (catching
breath) and a moth of wrath.

Vanquished Creatures
  the Royal Jelly (Slime:5)
  A juggernaut (Depths:2)
  A Killer Klown (Zot:1)
  5 golden dragons
  Arachne (Spider:4)
  A hellephant (Depths:2)
  A walking crystal tome (Depths:2)
  6 tentacled monstrosities
  2 liches
  15 acid blobs
  Asterion (Spider:2)
  A deep elf master archer (Elf:3)
  2 deep elf blademasters (Elf:3)
  7 quicksilver dragons (Zot:1)
  4 krakens (Shoals:1)
  7 sphinxes
  3 death cobs (Zot:1)
  Gastronok (Lair:1)
  2 storm dragons (Zot:1)
  Aizul (Spider:4)
  Donald (Spider:4)
  A shadow dragon (Zot:1)
  7 rockslimes
  11 azure jellies
  4 fire giants
  18 vault wardens
  8 emperor scorpions (Spider:4)
  2 draconian knights (Zot:1)
  A draconian scorcher (Zot:1)
  A draconian shifter (Zot:1)
  3 frost giants
  7 orc warlords
  7 deep elf sorcerers
  2 deep elf elementalists (Elf:3)
  9 ghost moths
  An angel (Shoals:3)
  13 very ugly things
  A broodmother (Spider:3)
  20 ironbound preservers
  A spriggan defender (Depths:2)
  2 draconian stormcallers
  A draconian annihilator (Zot:1)
  11 quicksilver oozes
  17 stone giants
  3 vampire knights
  A war gargoyle (Vaults:3)
  5 formless jellyfish
  4 black draconians
  8 red draconians
  An apis (Shoals:3)
  4 green draconians
  7 ironbound thunderhulks
  2 deep elf demonologists (Elf:3)
  A minotaur (Gauntlet)
  2 white draconians
  2 yellow draconians
  Azrael (D:15)
  23 purple draconians
  12 dire elephants
  6 spark wasps
  7 deep elf annihilators
  5 deep elf death magi
  9 merfolk javelineers
  15 merfolk impalers
  A blizzard demon (Depths:4)
  6 ettins
  16 fire dragons
  A crystal guardian (Vaults:2)
  2 entropy weavers (Spider:3)
  4 deep elf high priests (Elf:3)
  6 yaktaur captains
  8 great orbs of eyes
  A hell beast (Gauntlet)
  A spriggan zombie (Depths:3)
  5 hydras
  7 rakshasas
  2 peacekeepers
  6 ice dragons
  A jorogumo (Spider:4)
  A catoblepas (Lair:2)
  An ogre mage (Orc:2)
  13 vault guards
  2 merfolk avatars
  10 centaur warriors
  8 spriggan air magi
  9 boulder beetles
  A death knight (D:15)
  19 ironbound frosthearts
  9 two-headed ogres
  5 death yaks
  6 merfolk aquamancers
  3 alligator snapping turtles
  12 dancing weapons
  7 deep troll shamans (Depths:2)
  11 deep troll earth magi
  5 demonic crawlers
  6 hell hogs
  7 tengu warriors
  A vampire mage (Depths:3)
  A shock serpent (shapeshifter) (Vaults:3)
  8 deep elf knights
  2 orc high priests
  7 spriggan berserkers
  A sun demon (Lair:5)
  6 skysharks
  Lodul (D:13)
  8 iron trolls
  A shadow wraith (Vaults:2)
  Nergalle (Orc:2)
  2 skeletal warriors
  6 pharaoh ants
  A spark wasp zombie (Depths:3)
  58 deep trolls
  13 sea snakes
  6 arcanists
  7 glowing orange brains
  3 flayed ghosts
  3 cherubim (Shoals:4)
  A salamander mystic (Volcano)
  A golden dragon zombie (Depths:3)
  14 deep elf archers
  17 orb spiders
  An occultist (Lair:5)
  17 orc knights
  10 lindwurms
  5 steelbarb worms
  15 ironbound convokers
  35 deep elf zephyrmancers
  2 necromancers (Depths:2)
  30 deep elf pyromancers
  12 orc sorcerers
  4 phantasmal warriors
  A golden dragon skeleton (Depths:3)
  18 wolf spiders
  13 harpies
  7 fauns
  23 ugly things
  4 salamanders (Volcano)
  11 cyclopes
  4 shining eyes
  11 manticores
  10 merfolk sirens
  9 elephants
  2 black mambas
  7 moths of wrath
  2 water nymphs
  4 eyes of devastation
  A frost giant skeleton (Depths:3)
  A rust devil (Gauntlet)
  3 ice statues (IceCv)
  20 vault sentinels
  2 molten gargoyles (Volcano)
  A smoke demon (Lair:5)
  3 gargoyles
  12 cane toads
  7 torpor snails
  4 orange demons (Lair:5)
  2 minotaur zombies (Gauntlet)
  30 yaktaurs
  An unseen horror (D:12)
  5 komodo dragons
  2 kobold demonologists
  An ice devil (Lair:5)
  7 rime drakes
  A freezing wraith (D:15)
  Jeremiah (D:9)
  8 tengu conjurers
  13 trolls
  4 meliai
  9 hornets
  A polar bear (shapeshifter) (Elf:3)
  A red devil (Lair:5)
  27 tarantellas
  54 merfolk
  5 wind drakes
  A polar bear (Lair:3)
  6 blink frogs
  10 dream sheep
  7 snapping turtles
  34 jumping spiders
  A slime creature (shapeshifter) (Vaults:3)
  3 shadows
  14 culicivoras
  4 wyverns
  A ynoxinul (Gauntlet)
  An air elemental (Elf:2)
  A culicivora (shapeshifter) (Depths:2)
  4 spriggans
  3 wraiths
  123 slime creatures
  60 yaks
  A human (D:13)
  6 fire bats (Volcano)
  2 vampires
  16 water elementals
  5 basilisks
  A golden eye (Slime:4)
  58 redbacks
  8 fire elementals
  4 steam dragons
  A warg (Orc:1)
  17 vampire mosquitoes
  3 acid dragons
  3 swamp worms (Gauntlet)
  26 water moccasins
  3 floating eyes
  8 hell hounds
  An ice beast (D:6)
  An ice beast (shapeshifter) (Depths:2)
  2 sky beasts
  A meliai simulacrum (D:15)
  29 orc warriors
  8 ogres
  2 great orb of eyes simulacra (IceCv)
  21 wolves
  A boggart (Vaults:2)
  3 centaurs
  A phantom (D:7)
  2 kobold brigands (D:8)
  6 slime creature simulacra (IceCv)
  10 bullfrogs
  Blork the orc (D:6)
  A gnoll sergeant (D:11)
  5 earth elementals
  A glowing shapeshifter simulacrum (IceCv)
  A scorpion (D:6)
  12 wights
  3 killer bees (Lair:3)
  An electric eel (Spider:4)
  6 howler monkeys
  5 lava snakes (Volcano)
  2 gnoll boudas
  2 hounds (D:6)
  4 iron imps (Gauntlet)
  4 jellies
  15 orc priests
  2 sleepcaps
  Jessica (D:3)
  Natasha (thrice) (D:2)
  2 iguanas (D:5)
  44 orc wizards
  A shapeshifter simulacrum (IceCv)
  4 hell rats (Lair:4)
  19 gnolls
  6 adders
  2 white imps
  2 ufetubi (D:7)
  3 worms
  A dart slug (D:5)
  75 orcs
  A bat (D:1)
  9 endoplasms
  4 giant cockroaches
  12 goblins
  5 hobgoblins
  3 jackals (D:2)
  3 quokkas (D:1)
  8 ball pythons
  4 frilled lizards
  24 kobolds
  8 rats
  18 tentacles (Shoals:1)
2034 creatures vanquished.

Vanquished Creatures (others)
  An ironbound thunderhulk (Vaults:1)
  A deep elf pyromancer (Elf:2)
  A merfolk siren (Shoals:2)
  A merfolk (Shoals:1)
  6 slime creatures
  A water elemental (Elf:3)
  An orc (Elf:2)
  94 spectral weapons
  19 tentacles (Shoals:1)
125 creatures vanquished.

Grand Total: 2159 creatures vanquished

Notes
Turn   | Place    | Note
-------+----------+-------------------------------------------
     0 | D:1      | freelancePsychic the Demonspawn Gladiator began the quest
                  | for the Orb.
     0 | D:1      | Reached XP level 1. HP: 16/16 MP: 1/1
    58 | D:1      | Identified a scroll of acquirement
    58 | D:1      | Acquired a manual of Armour
    90 | D:1      | Gained mutation: A meltable shield of frost defends you.
                  | (SH +4) [demonic ancestry]
    90 | D:1      | Reached XP level 2. HP: 21/22 MP: 2/2
   102 | D:1      | Reached skill level 1 in Stealth
   715 | D:1      | Gained mutation: A meltable icy envelope protects you from
                  | harm. (AC +4) [demonic ancestry]
   715 | D:1      | Reached XP level 3. HP: 28/28 MP: 3/3
   750 | D:2      | Noticed Natasha
   761 | D:2      | Killed Natasha
   807 | D:2      | Found Zum Qud's Armour Shop.
   965 | D:2      | Gained mutation: You are surrounded by a mild repulsion
                  | field. (EV +2) [demonic ancestry]
   965 | D:2      | Reached XP level 4. HP: 33/34 MP: 4/4
  1098 | D:2      | Noticed Natasha
  1121 | D:2      | Killed Natasha
  1122 | D:2      | Reached skill level 3 in Fighting
  1627 | D:2      | Noticed Natasha
  1636 | D:2      | Killed Natasha
  1637 | D:2      | Gained mutation: Your touch may inflict minor irresistible
                  | damage on your foes. [demonic ancestry]
  1637 | D:2      | Reached XP level 5. HP: 28/41 MP: 5/5
  1731 | D:3      | Identified the of Pusih
  2007 | D:3      | Found a large runed translucent door.
  2008 | D:3      | Found a large runed translucent door.
  2046 | D:3      | Noticed Jessica
  2051 | D:3      | Killed Jessica
  2134 | D:3      | Reached skill level 1 in Short Blades
  2134 | D:3      | Reached skill level 5 in Armour
  2420 | D:4      | Gained mutation: You are surrounded by a moderate repulsion
                  | field. (EV +3) [demonic ancestry]
  2420 | D:4      | Reached XP level 6. HP: 48/48 MP: 6/6
  2452 | D:4      | Reached skill level 1 in Axes
  2749 | D:4      | Found a burning altar of Makhleb.
  2966 | D:5      | Entered Level 5 of the Dungeon
  2993 | D:5      | Found a stormy altar of Qazlal.
  3171 | D:5      | Noticed a water moccasin
  3181 | D:5      | Killed a water moccasin
  3182 | D:5      | Reached skill level 4 in Fighting
  3284 | D:5      | Gained mutation: You sometimes gain a little power by
                  | taking damage. [demonic ancestry]
  3284 | D:5      | Reached XP level 7. HP: 42/54 MP: 7/7
  4239 | D:6      | Noticed p00ps00p's ghost (novice HOFi)
  4240 | D:6      | Noticed a hornet
  4250 | D:6      | Found a transporter.
  4254 | D:6      | Found a transporter.
  4254 | D:6      | Noticed a queen bee
  4257 | D:6      | Noticed Blork the orc
  4269 | D:6      | Killed Blork the orc
  4321 | D:6      | Gained mutation: Your touch may inflict irresistible damage
                  | on your foes. [demonic ancestry]
  4321 | D:6      | Reached XP level 8. HP: 61/61 MP: 8/8
  4528 | D:6      | Reached skill level 5 in Fighting
  4530 | D:6      | Found an iron altar of Okawaru.
  4538 | D:6      | Became a worshipper of Warmaster Okawaru
  4635 | D:6      | Found Laisyuwk's Distillery.
  4665 | D:6      | Bought a potion of heal wounds for 60 gold pieces
  4665 | D:6      | Bought a potion of haste for 120 gold pieces
  4688 | D:6      | Reached skill level 1 in Invocations
  4756 | D:6      | Reached * piety under Okawaru
  4757 | D:6      | Reached skill level 5 in Short Blades
  4984 | D:6      | Found a shimmering blue altar of Sif Muna.
  4994 | D:6      | Found an ancient bone altar of Kikubaaqudgha.
  5002 | D:6      | Found a radiant altar of Vehumet.
  5290 | D:7      | Noticed a troll
  5301 | D:7      | Gained mutation: You sometimes gain power by taking damage.
                  | [demonic ancestry]
  5301 | D:7      | Reached XP level 9. HP: 68/68 MP: 11/11
  5335 | D:7      | Reached ** piety under Okawaru
  5336 | D:7      | Reached skill level 10 in Armour
  5509 | D:7      | Found a staircase to the Ecumenical Temple.
  5789 | D:7      | Found a transporter.
  5791 | D:7      | Identified the ring of Tojiwn {*Slow +Blink rF+ rC+ Slay+2}
  5825 | D:7      | Reached skill level 6 in Fighting
  6330 | D:8      | Identified the +0 orcbow of Teqir {antimagic, rN+ Int+4}
  6488 | D:8      | Reached *** piety under Okawaru
  6498 | D:8      | Reached skill level 5 in Invocations
  6697 | D:8      | Found a staircase to the Lair.
  7163 | D:9      | Noticed Jeremiah
  7238 | D:9      | Gained mutation: You are surrounded by a strong repulsion
                  | field. (EV +4, RMsl) [demonic ancestry]
  7238 | D:9      | Reached XP level 10. HP: 37/77 MP: 12/14
  7263 | D:9      | Found a shimmering altar of Xom.
  7284 | D:9      | Found a flagged portal.
  7287 | D:9      | Identified the orb of the Ancient Queens {light, rC- Will+
                  | Str+2 Int+2}
  7371 | Bailey   | Entered a bailey
  7376 | Bailey   | Noticed an orc warlord
  7425 | Bailey   | Found a runed translucent gate.
  7489 | Bailey   | Found a runed translucent gate.
  7491 | Bailey   | Found a runed translucent gate.
  7688 | Bailey   | Killed an orc warlord
  7689 | Bailey   | Reached skill level 7 in Fighting
  7703 | Bailey   | Identified the ring "Vennicw" {Wiz Str+8 SInv}
  7715 | Bailey   | Reached skill level 9 in Fighting
  7715 | Bailey   | Reached skill level 5 in Evocations
  7715 | Bailey   | Reached XP level 11. HP: 80/89 MP: 15/15
  7866 | D:9      | Killed Jeremiah
  8282 | D:10     | Entered Level 10 of the Dungeon
  8353 | D:10     | Reached **** piety under Okawaru
  8354 | D:10     | Reached skill level 10 in Fighting
  8430 | D:10     | Found a hide-covered altar of Uskayaw.
  8615 | D:10     | Found a sparkling altar of Nemelex Xobeh.
  8668 | D:10     | Found a shadowy altar of Dithmenos.
  8705 | D:10     | Found a bloodstained altar of Trog.
  8792 | D:10     | Reached skill level 11 in Fighting
  9477 | D:11     | Identified the of Eptoa
  9477 | D:11     | Identified the "Basuziy"
  9477 | D:11     | Identified the "Horefebly"
  9585 | D:11     | Noticed a two-headed ogre
  9586 | D:11     | Noticed a two-headed ogre
  9600 | D:11     | Killed a two-headed ogre
  9600 | D:11     | Reached ***** piety under Okawaru
  9607 | D:11     | Killed a two-headed ogre
  9608 | D:11     | Gained mutation: You are powered by pain. [demonic
                  | ancestry]
  9608 | D:11     | Reached XP level 12. HP: 102/102 MP: 16/16
  9664 | D:11     | Reached skill level 12 in Fighting
  9761 | D:11     | Noticed a two-headed ogre
  9773 | D:11     | Killed a two-headed ogre
  9942 | D:11     | Noticed a tengu warrior
  9967 | D:11     | Killed a tengu warrior
 10029 | D:11     | Noticed a two-headed ogre
 10029 | D:11     | Noticed a two-headed ogre
 10031 | D:11     | Noticed a boulder beetle
 10031 | D:11     | Noticed a two-headed ogre
 10040 | D:11     | Received a gift from Okawaru
 10050 | D:11     | Killed a two-headed ogre
 10064 | D:11     | Killed a two-headed ogre
 10064 | D:11     | Killed a two-headed ogre
 10070 | D:11     | Reached skill level 5 in Dodging
 10090 | D:11     | Killed a boulder beetle
 10093 | D:11     | Reached skill level 5 in Throwing
 10430 | D:11     | Reached skill level 13 in Fighting
 10662 | D:11     | Noticed a boulder beetle
 10677 | D:11     | Killed a boulder beetle
 11313 | D:12     | Noticed a two-headed ogre
 11317 | D:12     | Received a gift from Okawaru
 11511 | D:12     | Found a staircase to the Orcish Mines.
 11532 | D:12     | Found Fykhlegh's Armour Shop.
 11538 | D:12     | Bought a +2 helmet of see invisible for 258 gold pieces
 11587 | D:12     | Killed a two-headed ogre
 11588 | D:12     | Reached XP level 13. HP: 111/111 MP: 17/17
 12418 | Gauntlet | Identified the "Enoep"
 12418 | Lair:1   | Entered Level 1 of the Lair of Beasts
 12747 | Lair:1   | Found a frozen archway.
 12776 | IceCv    | Entered an ice cave
 13124 | IceCv    | Received a gift from Okawaru
 13466 | IceCv    | Noticed a quicksilver ooze
 13475 | IceCv    | Killed a quicksilver ooze
 13751 | IceCv    | Reached skill level 14 in Fighting
 14226 | IceCv    | Noticed a quicksilver ooze
 14228 | IceCv    | Noticed an azure jelly
 14247 | IceCv    | Killed an azure jelly
 14251 | IceCv    | Killed a quicksilver ooze
 14323 | IceCv    | Found a viscous altar of Jiyva.
 14340 | IceCv    | Got the ring "Zusi" {Ice Int+2}
 14450 | Lair:1   | Noticed Gastronok
 14473 | Lair:1   | Killed Gastronok
 14800 | Lair:1   | Received a gift from Okawaru
 15655 | Lair:2   | Gained mutation: Your touch may irresistibly damage your
                  | foes and sap their willpower. [demonic ancestry]
 15655 | Lair:2   | Reached XP level 14. HP: 90/121 MP: 21/21
 15945 | Lair:2   | Reached skill level 10 in Invocations
 16253 | Lair:2   | Reached skill level 15 in Fighting
 16642 | Lair:2   | Received a gift from Okawaru
 17282 | Lair:3   | Found a staircase to the Shoals.
 17344 | Lair:3   | Found a hole to the Spider Nest.
 18137 | Lair:4   | Reached ****** piety under Okawaru
 18379 | Lair:4   | Acquired a +4 quick blade of venom
 18379 | Lair:4   | Received a gift from Okawaru
 18418 | Lair:4   | Received a gift from Okawaru
 18419 | Lair:4   | Reached skill level 10 in Short Blades
 18943 | Lair:5   | Entered Level 5 of the Lair of Beasts
 19345 | Lair:5   | Found a burning altar of Makhleb.
 19394 | Lair:5   | Received a gift from Okawaru
 19463 | Lair:5   | Acquired a +0 crystal plate armour
 19463 | Lair:5   | Received a gift from Okawaru
 19711 | Lair:5   | Found a burning altar of Makhleb.
 19876 | Lair:5   | Reached XP level 15. HP: 111/129 MP: 23/23
 19968 | Lair:5   | Found a staircase to the Slime Pits.
 20314 | Lair:5   | Found a gateway to Hell.
 20594 | Orc:1    | Entered Level 1 of the Orcish Mines
 20621 | Orc:1    | Found Foifonto's Distillery.
 21012 | D:2      | Bought the +10 plate armour of Ummepn {rElec Int+3 Dex-5}
                  | for 1076 gold pieces
 21392 | D:12     | Received a gift from Okawaru
 22024 | D:13     | Noticed Lodul
 22048 | D:13     | Killed Lodul
 23131 | D:13     | Found a gate to the Vaults.
 23146 | D:13     | Received a gift from Okawaru
 23234 | D:14     | Found Tafeng's General Store.
 23366 | D:14     | Found the +6 Majin-Bo {spellvamp, MP+6 Int+6}
 23382 | D:14     | Found a gate leading to a gauntlet.
 23391 | Gauntlet | Entered a Gauntlet
 23391 | Gauntlet | Found a transporter.
 23391 | Gauntlet | Found a transporter.
 23401 | Gauntlet | Found a transporter.
 23404 | Gauntlet | Found a transporter.
 23408 | Gauntlet | Found a runed translucent door.
 23408 | Gauntlet | Found a runed translucent door.
 23412 | Gauntlet | Found a transporter.
 23415 | Gauntlet | Found a transporter.
 23423 | Gauntlet | Found a transporter.
 23441 | Gauntlet | Found a transporter.
 23446 | Gauntlet | Found a transporter.
 23449 | Gauntlet | Found a transporter.
 23460 | Gauntlet | Found a transporter.
 23476 | Gauntlet | Found a transporter.
 24183 | D:14     | Found a blossoming altar of Fedhas.
 24296 | D:14     | Received a gift from Okawaru
 24423 | D:15     | Entered Level 15 of the Dungeon
 24524 | D:15     | Reached skill level 16 in Fighting
 24644 | D:15     | Found a staircase to the Depths.
 25088 | D:15     | Noticed Azrael
 25152 | D:15     | Found a hazy altar of Hepliaklqana.
 25371 | Orc:2    | Entered Level 2 of the Orcish Mines
 25463 | Orc:2    | Found a dark tunnel.
 25472 | Volcano  | Entered a volcano
 25671 | Volcano  | Found a bloodstained altar of Trog.
 26105 | Orc:2    | Gained mutation: You punish those that try to bend your
                  | will. (Will+) [demonic ancestry]
 26105 | Orc:2    | Reached XP level 16. HP: 139/139 MP: 24/24
 26114 | Orc:2    | Found Herrucist's Antique Weapon Shop.
 26207 | Orc:2    | Found Orphoshra's Jewellery Boutique.
 26221 | Orc:2    | Received a gift from Okawaru
 26238 | Orc:2    | Bought an amulet of regeneration for 510 gold pieces
 26261 | Orc:2    | Found a radiant altar of Vehumet.
 26280 | Orc:2    | Found Wierhyf's Distillery.
 26298 | Orc:2    | Noticed Nergalle
 26302 | Orc:2    | Found an ancient bone altar of Kikubaaqudgha.
 26309 | Orc:2    | Killed Nergalle
 26321 | Orc:2    | Bought a potion of invisibility for 112 gold pieces
 26364 | Orc:2    | Found Civvuat's Antique Weapon Shop.
 26429 | Orc:2    | Found a staircase to the Elven Halls.
 27445 | D:15     | Killed Azrael
 27945 | Spider:3 | Identified the "Nisch"
 27945 | Vaults:5 | Identified the "Xaixzet"
 27945 | Depths:3 | Identified the "Wedor"
 27945 | Elf:1    | Identified the of Mikicw
 27945 | Elf:1    | Identified the "Qeareoqi"
 27945 | Elf:1    | Entered Level 1 of the Elven Halls
 28176 | Orc:2    | Reached skill level 17 in Fighting
 28271 | Orc:2    | Received a gift from Okawaru
 28544 | Elf:1    | Received a gift from Okawaru
 29452 | Elf:2    | Received a gift from Okawaru
 29480 | Elf:2    | Found a portal to a secret trove of treasure.
 29515 | Elf:2    | Reached skill level 18 in Fighting
 29659 | Elf:2    | Identified the +1 robe "Osaep" {Int+2}
 29667 | Elf:2    | Found Jycoilysm's Antique Armour Shoppe.
 29669 | Elf:2    | Paralysed by an air elemental for 1 turns
 29679 | Elf:2    | Bought a pair of glowing boots for 262 gold pieces
 29827 | Elf:2    | Received a gift from Okawaru
 29837 | Elf:2    | Found a runed translucent gate.
 29837 | Elf:2    | Found a runed translucent gate.
 29837 | Elf:2    | Found a runed translucent gate.
 30008 | Elf:3    | Entered Level 3 of the Elven Halls
 30015 | Elf:3    | Reached XP level 17. HP: 149/150 MP: 25/25
 30276 | Elf:3    | Reached skill level 15 in Armour
 30449 | Elf:3    | Noticed a deep elf blademaster
 30469 | Elf:3    | Killed a deep elf blademaster
 30595 | Elf:3    | Found Xesh's Armour Boutique.
 30621 | Elf:3    | Identified the +2 robe of Uggosump {Dex+6}
 30783 | Elf:3    | Noticed a deep elf blademaster
 30795 | Elf:3    | Killed a deep elf blademaster
 30806 | Elf:3    | Identified the +4 ring mail of Jonek {rElec Dex+5 Stlth-}
 30810 | Elf:3    | Received a gift from Okawaru
 30810 | Elf:3    | Identified the +4 great mace "Unnyak" {speed, +Blink rPois
                  | rF- SInv}
 30817 | Elf:3    | Identified the amulet "Gittiz" {RegenMP rF+++ Int-2 Dex+5}
 30824 | Elf:3    | Identified the amulet "Edoirulo" {Acrobat rF+}
 30877 | Elf:3    | Noticed a deep elf master archer
 30891 | Elf:3    | Killed a deep elf master archer
 30894 | Elf:3    | Received a gift from Okawaru
 30895 | Elf:3    | Identified the +4 scale mail of the Bull {Harm rCorr}
 31058 | Elf:3    | Identified the +8 sling "Jyrr" {drain, rPois Int+2}
 31328 | Spider:1 | Entered Level 1 of the Spider Nest
 31709 | Spider:1 | Reached skill level 10 in Throwing
 31861 | Spider:1 | Received a gift from Okawaru
 32145 | Spider:1 | Reached skill level 19 in Fighting
 32268 | Spider:2 | Noticed Asterion
 32279 | Spider:2 | Killed Asterion
 32369 | Spider:2 | You fall into a shaft and drop 1 floor!
 32590 | Spider:3 | Reached XP level 18. HP: 160/160 MP: 3/26
 32893 | Spider:3 | Received a gift from Okawaru
 33364 | Spider:3 | Identified the +0 scimitar of the Distant Future {holy,
                  | Int+6 SInv}
 33393 | Spider:3 | Reached skill level 10 in Dodging
 33887 | Spider:2 | Reached skill level 5 in Stealth
 34369 | Spider:4 | Entered Level 4 of the Spider Nest
 34384 | Spider:4 | Noticed Donald
 34391 | Spider:4 | Killed Donald
 34436 | Spider:4 | Received a gift from Okawaru
 34529 | Spider:4 | Noticed Arachne
 34538 | Spider:4 | Killed Arachne
 35041 | Spider:4 | Noticed Aizul
 35056 | Spider:4 | Killed Aizul
 35056 | Spider:4 | Received a gift from Okawaru
 35751 | Spider:4 | Received a gift from Okawaru
 35760 | Spider:4 | Got a gossamer rune of Zot
 35895 | Shoals:1 | Entered Level 1 of the Shoals
 35983 | Shoals:1 | Reached skill level 20 in Fighting
 36738 | Shoals:1 | Reached XP level 19. HP: 143/169 MP: 27/27
 37007 | Shoals:1 | Received a gift from Okawaru
 37816 | Shoals:3 | Paralysed by a formless jellyfish for 1 turns
 38074 | Shoals:3 | Identified the +1 short sword of Pride {speed, rN+ Stlth+}
 38357 | Shoals:3 | Received a gift from Okawaru
 38597 | Shoals:4 | Entered Level 4 of the Shoals
 38844 | Arena    | Entered the Arena
 39492 | Shoals:3 | Received a gift from Okawaru
 40502 | Shoals:4 | Got a barnacled rune of Zot
 40645 | Shoals:4 | Received a gift from Okawaru
 40921 | Shoals:3 | Reached skill level 15 in Dodging
 41059 | Shoals:4 | Identified the +4 orcbow "Efooq" {heavy, rPois rF+ rC+
                  | Int-4}
 41061 | Shoals:4 | Identified the +13 plate armour "Kikhlaopt" {rElec rC-
                  | rN+++ Will-}
 41419 | Vaults:1 | Entered Level 1 of the Vaults
 41511 | Vaults:1 | Reached XP level 20. HP: 128/176 MP: 29/29
 41841 | Vaults:1 | Received a gift from Okawaru
 42335 | Vaults:1 | Paralysed by a formless jellyfish for 1 turns
 42730 | Vaults:2 | Reached skill level 10 in Evocations
 42736 | Vaults:2 | Received a gift from Okawaru
 43170 | Vaults:2 | Found a staircase to the Crypt.
 43414 | Vaults:3 | Received a gift from Okawaru
 43818 | Vaults:3 | Identified the +4 scale mail of Befiefin {Will+}
 44319 | Vaults:3 | Received a gift from Okawaru
 44623 | Vaults:2 | Reached XP level 21. HP: 184/184 MP: 30/30
 45036 | Vaults:2 | Received a gift from Okawaru
 46556 | Vaults:4 | Received a gift from Okawaru
 46661 | Vaults:4 | Found Kuiqini's Antique Armour Boutique.
 46752 | Vaults:4 | Identified the +2 short sword "Towodghocvi" {drain, Will+
                  | rCorr Int+3}
 46928 | Vaults:4 | Reached skill level 21 in Fighting
 47010 | Vaults:4 | Reached skill level 15 in Throwing
 47260 | Vaults:4 | Identified the +3 trident "Goblinslayer" {freeze, rF- Will+
                  | Int+2 Dex+2}
 47535 | Vaults:4 | Received a gift from Okawaru
 48041 | Depths:1 | Entered Level 1 of the Depths
 48212 | Depths:1 | Found a one-way gateway to a ziggurat.
 48239 | Depths:1 | Identified the +3 leather armour of Dishonesty {Rampage
                  | SInv}
 48535 | Depths:1 | Gained mutation: You are resistant to unholy torment.
                  | [demonic ancestry]
 48535 | Depths:1 | Reached XP level 22. HP: 194/194 MP: 31/31
 48674 | Depths:1 | Received a gift from Okawaru
 49157 | Depths:1 | Found Kout's Antique Weapon Shop.
 49543 | Depths:2 | Found a one-way gate leading to the halls of Pandemonium.
 49696 | Depths:2 | Identified the ring "Yshe" {Str+5 Int-5 Dex+6}
 49735 | Depths:2 | Found a transporter.
 49942 | Depths:2 | Received a gift from Okawaru
 50626 | Depths:2 | Paralysed by a floating eye for 4 turns
 50631 | Arena    | Entered the Arena
 50661 | Depths:2 | Paralysed by a floating eye for 2 turns
 50666 | Depths:2 | Received a gift from Okawaru
 51086 | Depths:2 | Found a snail-covered altar of Cheibriados.
 51348 | Depths:2 | Found a transporter.
 51371 | Depths:2 | Found Byiruhum's Distillery.
 51374 | Depths:2 | Bought a potion of resistance for 220 gold pieces
 51374 | Depths:2 | Bought a potion of curing for 66 gold pieces
 51374 | Depths:2 | Bought a potion of curing for 66 gold pieces
 51374 | Depths:2 | Bought 2 potions of curing for 132 gold pieces
 51455 | Depths:2 | Found a transporter.
 51959 | Depths:3 | Noticed a golden dragon
 51963 | Depths:3 | Reached skill level 22 in Fighting
 51964 | Depths:3 | Noticed a juggernaut
 51970 | Depths:3 | Killed a golden dragon
 52166 | Depths:2 | Killed a juggernaut
 52175 | Depths:2 | Received a gift from Okawaru
 52306 | Depths:3 | Reached XP level 23. HP: 155/203 MP: 32/32
 52633 | Depths:3 | Found a sacrificial altar of Ru.
 52817 | Depths:3 | Found a runed translucent gate.
 52817 | Depths:3 | Found a runed translucent gate.
 52817 | Depths:3 | Found a runed translucent gate.
 52884 | Depths:3 | Found a one-way gate to the infinite horrors of the Abyss.
 53141 | Depths:4 | Entered Level 4 of the Depths
 53174 | Depths:4 | Found Rogaiqun's Antique Armour Emporium.
 53442 | Depths:4 | Received a gift from Okawaru
 53628 | Depths:4 | Found Ucas's Book Shoppe.
 53628 | Depths:4 | Found Ylo Ez Yhumm's Book Emporium.
 53649 | Depths:4 | Bought a manual of Invocations for 1040 gold pieces
 53985 | Depths:4 | Found a gate to the Realm of Zot.
 54580 | Slime:1  | Entered Level 1 of the Pits of Slime
 54581 | Slime:1  | Paralysed by a formless jellyfish for 1 turns
 54583 | Arena    | Entered the Arena
 55102 | Slime:3  | Received a gift from Okawaru
 55205 | Slime:4  | Gained mutation: You occasionally lose the ability to read
                  | scrolls when taking damage. [a shining eye]
 55210 | Slime:4  | Lost mutation: You occasionally lose the ability to read
                  | scrolls when taking damage. [potion of mutation]
 55210 | Slime:4  | Gained mutation: Your system is resistant to poisons.
                  | (rPois) [potion of mutation]
 55210 | Slime:4  | Gained mutation: You expend magic power (3 MP) to
                  | strengthen your wands. [potion of mutation]
 55210 | Slime:4  | Gained mutation: You possess an exceptional clarity of
                  | mind. [potion of mutation]
 55231 | Slime:5  | Identified the "Nudedin"
 55231 | Slime:5  | Entered Level 5 of the Pits of Slime
 55268 | Slime:5  | Reached skill level 15 in Invocations
 55457 | Slime:5  | Noticed the Royal Jelly
 55465 | Slime:5  | Killed the Royal Jelly
 56150 | Slime:5  | Got a slimy rune of Zot
 56151 | Slime:5  | Identified the staff "Viuch" {*Slow rElec MP+9 Dex+2 Conj}
 56177 | Slime:5  | Identified the +10 hand axe of Woe {freeze, *Corrode rF++
                  | Str+4}
 56194 | Slime:5  | Identified the +2 plate armour "Fothaw" {rPois rC++ Regen+
                  | Int-4}
 56621 | Zot:1    | Entered Level 1 of the Realm of Zot
 56714 | Zot:1    | Received a gift from Okawaru
 57661 | Zot:1    | Reached XP level 24. HP: 210/210 MP: 35/35
 57741 | Zot:1    | Received a gift from Okawaru
 57743 | Zot:1    | Noticed a Killer Klown
 57762 | Zot:1    | Killed a Killer Klown
 58419 | Zot:3    | Noticed a juggernaut
 58436 | Zot:3    | Noticed a Killer Klown
 58462 | Zot:3    | Noticed an ancient lich
 58466 | Zot:3    | Killed from afar by a black draconian

Illustrated notes

Levels and vault maps discovered:
D:1:      grunt_arrival_crossed_arrows, layout_loops_ring
D:2:      layout_loops_corners, serial_shops, shop_statue, uniq_natasha
D:3:      layout_basic, jmf_multi_god_temple2, uniq_jessica
D:4:      layout_cave_pools, amcnicky_altar_gilded
D:5:      layout_layer_cave, mainiacjoe_overflow_cross_hatched,
          serial_bayou_lagoon_a
D:6:      layout_rooms, palyth_temple_overflow_mages,
          kennysheep_okawaru_gauntlet, gammafunk_ghost_hive,
          nicolae_stop_n_shop_1, kennysheep_generic_room_16, uniq_blork_the_orc
D:7:      gammafunk_beogh_shrine, layout_basic, minmay_temple_entry_glass
D:8:      layout_loops_ring, zin_scriptorium, lair_entry_dummy,
          minmay_misc_feat_columns
D:9:      layout_long_grid, mainiacjoe_overflow_boulevard, enter_bailey_5,
          uniq_jeremiah
D:10:     layout_long_grid, mainiacjoe_overflow_24_doors, tgw_trog,
          nicolae_dithmenos_shadow_blocks, mainiacjoe_overflow_two_lobes
D:11:     minmay_the_grid_3x2 [minmay_the_grid_gridbox, minmay_the_grid_rooms,
          minmay_the_grid_fan, minmay_the_grid_embedded,
          minmay_the_grid_diamond_grid, minmay_the_grid_prize_diamond_cup],
          layout_basic
D:12:     minmay_slanted_spiral_squares, layout_irregular_city,
          hiddenorc1_lemuel, serial_rivers, chequers_serial_rivers_large_a,
          chequers_serial_rivers_marsh, chequers_serial_rivers_room_b,
          chequers_serial_rivers_micro_a, chequers_serial_rivers_micro_e,
          chequers_serial_rivers_small_3, serial_shops, shop
D:13:     layout_cave_pods, grunt_vaults_entry_fortified, uniq_lodul
D:14:     layout_big_octagon, gauntlet_entry_generic,
          chequers_serial_rivers_micro_e, serial_shops, shop, fedhas_altar_3
D:15:     grunt_enter_depths_hoard, layout_layer_cave,
          nicolae_hepliaklqana_hazy_memory, uniq_azrael
Lair:1:   layout_regular_city, portal_ice_cave_rime,
          grunt_forest_large_clearing_hut, grunt_megastairs_1, uniq_gastronok
Lair:2:   layout_gridlike, grunt_megastairs_2
Lair:3:   layout_chaotic_city, elwin_shoals_entry_rooms,
          hellmonk_spider_entry_not_the_bees
Lair:4:   layout_hall_layers
Lair:5:   evil_forest, layout_misc_corridors, slime_entry_1, basic_altar
Shoals:1: nicolae_shoals_lighthouse, layout_shoals
Shoals:2: layout_shoals
Shoals:3: layout_shoals
Shoals:4: shoals_end_hellmonk_holy_island, serial_shops
Spider:1: layout_spider_delve
Spider:2: layout_spider_delve, uniq_asterion
Spider:3: layout_spider_delve, nicolae_orb_stairs
Spider:4: spider_rune_water, drop_trap, uniq_arachne, uniq_aizul, uniq_donald
Slime:1:  layout_caves
Slime:2:  layout_caves
Slime:3:  cheibrodos_slime_lost_civilization_3, layout_caves,
          nicolae_slime_barrier
Slime:4:  layout_caves, nicolae_slime_crime_time
Slime:5:  slime_pit
Orc:1:    layout_diamond_mine, serial_shops, nicolae_square_shop, shop, shop,
          shop, uniq_sonja
Orc:2:    kennysheep_orc_mage_school, layout_caves, basic_altar,
          nicolae_volcano_entry_hallway, library_closet, mines2_david
Elf:1:    layout_gridlike, minmay_elf_annihilation, drop_trap,
          minmay_elf_sorcery
Elf:2:    elven_hall_of_blades_hangedman_original [grunt_blade_entry_basic],
          layout_geoelf_diagonals, serial_shops, shop,
          nicolae_trove_entry_crossroad
Elf:3:    minmay_elf_hall_x, layout_loops_cross, serial_shops, shop
Vaults:1: vaults_mumra_minichess_inversion, nicolae_vaults_shock_wave,
          nicolae_vaults_back_hallway, vaults_mumra_hexcomb,
          ontoclasm_vaults_chip, grunt_vaults_focal,
          nicolae_vaults_heart-shaped_vault, nicolae_vaults_tetromino_T_2,
          nicolae_vaults_closet_pinwheel_1, vaults_dpeg_cross,
          grunt_vaults_hallway_short, nicolae_vaults_border_crossing,
          layout_vaults_ring
Vaults:2: vaults_dpeg_emergency_exit, nicolae_vaults_corpse_flower,
          vaults_room_hallway, nicolae_vaults_weapon_check, v_alt_pattern_5,
          v_misc_11, ontoclasm_vaults_chip, nicolae_vaults_sesquioval_fish,
          ontoclasm_vaults_twist, vaults_mumra_chevron_long, v_misc_14,
          nicolae_vaults_shelves_hall, nicolae_vaults_storage_closets_2,
          vaults_dpeg_spiral, layout_vaults_maze_bifur, dummy_crypt_entry
Vaults:3: hangedman_vaults_hat, grunt_vaults_hallway_long, v_misc_8,
          v_pattern_1, nicolae_vaults_security_offices_4,
          nicolae_vaults_wrenched, v_misc_1, nicolae_vaults_stepped_doors,
          nicolae_vaults_storage_closets_1, ontoclasm_vaults_pinch,
          nicolae_vaults_double_plus_2, nicolae_vaults_angled_halls,
          layout_vaults_big_room
Vaults:4: nicolae_vaults_heist, special_room_vaults [special_room_orc],
          v_misc_15, nicolae_vaults_trapezoid_layered,
          vaults_standard_mumra_lines, hangedman_vaults_unwind, v_misc_16,
          nicolae_vaults_stairing_the_circle,
          nicolae_vaults_variable_pillar_hall, vaults_room_large_hall,
          nicolae_vaults_triangles, nicolae_vaults_house_3, v_misc_30,
          nicolae_vaults_octothorpe, nicolae_vaults_house_3,
          nicolae_vaults_bisected_slash, nicolae_vaults_trapezoid_4,
          layout_vaults_omnibox, serial_shops, nicolae_shop_dealshenge
Depths:1: layout_basic, enter_ziggurat_e, hell_entry, nicolae_take_the_stairs,
          minmay_misc_feat_plants, minivault_10, grunt_ministairs_6,
          minmay_orc_keep
Depths:2: pf_snail_temple, layout_cave_shapes, grunt_hell_horde, serial_shops,
          nicolae_shop_behind_doors, corexii_corridor_pit, pan_entry,
          nicolae_diode_intersection, grunt_megastairs_4,
          minmay_staircase_bubble
Depths:3: minmay_textured_paths, layout_cave_pools, abyss_entry_crystal,
          ploomutoo_gammafunk_ghost_potion_laboratory, hell_entry,
          hangedman_ru_absence
Depths:4: evilmike_zot_entry_basic, layout_gridlike, hangedman_coc_ice_floe,
          abyss_entry_small_statue_room, serial_shops, shop,
          serial_bayou_pond_a, minmay_shoptagon
Zot:1:    cheibrodos_zot_enchanting_chambers, layout_cathedral_of_symmetry
Zot:2:    kennysheep_bubbly, layout_gridlike, hangedman_swamp_dais
Zot:3:    ebering_greatest_show_in_zot, layout_onion

Skill      XL: |  1  2  3  4  5  6  7  8  9 10 11 12 13 14 15 16 17 18 19 20 21 22 23 24 |
---------------+-------------------------------------------------------------------------+-----
Stealth        | 1 3 5 7 |  7.0
Long Blades    | 3 |  3.1
Armour         | 2 4 5 6 7 9 11 12 14 15 16 17 18 19 | 19.1
Fighting       | 3 4 5 6 9 11 13 14 15 16 18 19 20 21 22 | 22.0
Short Blades   | 1 2 3 5 7 9 12 13 | 13.8
Axes           | 1 |  1.1
Invocations    | 2 5 6 9 10 12 13 17 18 | 18.6
Evocations     | 5 10 | 10.0
Throwing       | 2 6 8 10 12 13 15 17 19 20 | 20.0
Dodging        | 3 6 7 8 9 12 15 | 15.5

Action                     |  1- 3 |  4- 6 |  7- 9 | 10-12 | 13-15 | 16-18 | 19-21 | 22-24 || total
---------------------------+-------+-------+-------+-------+-------+-------+-------+-------++-------
  Melee: Long sword        |   104 |   158 |       |       |       |       |       |       ||   262
         Punch             |       |     1 |    12 |    12 |    52 |    48 |    88 |    68 ||   281
         Touch             |       |    29 |   136 |   172 |   698 |   549 |   788 |   652 ||  3024
         Short sword       |       |    36 |   538 |   667 |  1327 |       |       |       ||  2568
         Unarmed           |       |       |     7 |       |       |       |       |       ||     7
         Quick blade       |       |       |       |       |  1306 |  2398 |  3229 |  2206 ||  9139
  Throw: Throwing net      |       |     5 |       |     1 |       |       |       |       ||     6
         Javelin           |       |     1 |     1 |     3 |       |     6 |    17 |    43 ||    71
         Boomerang         |       |       |       |    66 |   231 |   113 |   236 |   540 ||  1186
         Dart              |       |       |       |    22 |    17 |       |       |       ||    39
 Invoke: Heroism           |       |       |     1 |     3 |     7 |     4 |     2 |     6 ||    23
         Finesse           |       |       |       |     1 |       |     2 |     1 |     2 ||     6
         Receive Weapon    |       |       |       |       |     1 |       |       |       ||     1
         Receive Armour    |       |       |       |       |     1 |       |       |       ||     1
         Duel              |       |       |       |       |       |       |     1 |     2 ||     3
  Evoke: Wand              |       |       |       |       |    13 |    10 |     6 |     4 ||    33
         Phial of floods   |       |       |       |       |     2 |     1 |     1 |       ||     4
         Lightning rod     |       |       |       |       |       |       |     4 |       ||     4
         Condenser vane    |       |       |       |       |       |       |     3 |       ||     3
    Use: Scroll            |     1 |     3 |     5 |     8 |    17 |    12 |     9 |    24 ||    79
         Potion            |       |     5 |     2 |     6 |     4 |     6 |     2 |     9 ||    34
   Stab: Sleeping          |     1 |       |     2 |     2 |     9 |       |       |       ||    14
         Held in net/web   |       |     1 |       |     2 |       |     1 |       |       ||     4
         Distracted        |       |       |       |     1 |       |    21 |    85 |    53 ||   160
         Invisible         |       |       |       |       |       |     3 |     2 |       ||     5
 Armour: Leather armour    |    30 |       |       |       |       |       |       |       ||    30
         Ring mail         |    26 |    98 |   204 |   158 |   423 |       |       |       ||   909
         Skin              |       |    22 |     2 |    12 |       |       |       |       ||    36
         Plate armour      |       |       |       |       |   229 |   802 |  1067 |   798 ||  2896
         Gold dragon scale |       |       |       |       |       |       |       |   237 ||   237
  Dodge: Dodged            |    53 |   103 |   248 |   219 |   906 |   610 |  1045 |   924 ||  4108
         Repelled          |       |       |       |     2 |    21 |    20 |    17 |    37 ||    97
  Block: Other             |    15 |    37 |    46 |    56 |   263 |   119 |   201 |   144 ||   881
         Reflection        |       |       |       |       |    28 |       |       |       ||    28

Table legend: (Time is in decaauts)
 A = Elapsed time spent in this place.
 B = Non-inter-level travel time spent in this place.
 C = Inter-level travel time spent in this place.
 D = Time resting spent in this place.
 E = Time spent auto-exploring this place.
 F = Levels seen in this place.
 G = Mean time per level.
                   A        B        C        D        E       F      G
               +--------+--------+--------+--------+--------+-----+--------+
         Total |  54714 |  50320 |   4394 |   3731 |  35710 |  56 |  977.0 |
       Dungeon |  17402 |  15246 |   2156 |    472 |  12017 |  15 | 1160.1 |
          Lair |   6186 |   5621 |    565 |    219 |   4333 |   5 | 1237.2 |
        Shoals |   5137 |   4830 |    307 |    912 |   2648 |   4 | 1284.2 |
   Spider Nest |   4274 |   4013 |    261 |     26 |   3241 |   4 | 1068.5 |
    Slime Pits |   1461 |   1316 |    145 |    263 |    603 |   5 |  292.2 |
  Orcish Mines |   1330 |   1180 |    150 |    270 |    652 |   2 |  665.0 |
   Elven Halls |   2682 |   2525 |    157 |     65 |   1740 |   3 |  894.0 |
        Vaults |   5967 |   5579 |    388 |    150 |   4299 |   4 | 1491.8 |
        Depths |   6223 |   5981 |    242 |   1173 |   3579 |   4 | 1555.8 |
           Zot |   1321 |   1302 |     19 |      5 |    874 |   3 |  440.3 |
        Bailey |    337 |    337 |      0 |      0 |    197 |   1 |  337.0 |
      Ice Cave |   1411 |   1411 |      0 |      0 |    980 |   1 | 1411.0 |
       Volcano |    394 |    394 |      0 |      0 |    299 |   1 |  394.0 |
      Gauntlet |    517 |    517 |      0 |    151 |    227 |   1 |  517.0 |
         Arena |     66 |     66 |      0 |     22 |     17 |   3 |   22.0 |
               +--------+--------+--------+--------+--------+-----+--------+

Top non-repeatable levels by time:
Depths:2: 1987 daAuts
    D:15: 1898 daAuts
    D:11: 1828 daAuts
Depths:1: 1815 daAuts
Shoals:3: 1802 daAuts
    D:13: 1657 daAuts
    D:12: 1652 daAuts
Vaults:2: 1639 daAuts
Vaults:4: 1608 daAuts
  Lair:5: 1508 daAuts
Depths:4: 1475 daAuts
   IceCv: 1411 daAuts
Vaults:3: 1390 daAuts
Shoals:1: 1386 daAuts
Spider:4: 1347 daAuts
